 Dungeon Crawl Stone Soup version 0.18-a0-1649-g8d9735b (webtiles) character file.

32 inmateoo the Ruffian (level 3, -1/28 HPs)
             Began as a Minotaur Arcane Marksman on Mar 29, 2016.
             Slain by an adder (4 damage)
             ... on level 2 of the Dungeon.
             The game lasted 00:01:57 (1751 turns).

inmateoo the Ruffian (Minotaur Arcane Marksman)     Turns: 1751, Time: 00:01:59

Health: -1/28      AC:  3    Str: 16    XL:     3   Next: 10%
Magic:  3/3        EV: 11    Int: 10    God:
Gold:   30         SH:  0    Dex:  9    Spells: 1 memorised, 3 levels left

rFire  . . .     SeeInvis .     a - +0 hand crossbow
rCold  . . .     Gourm    .     g - +0 leather armour
rNeg   . . .     Faith    .     (no shield)
rPois  .         Spirit   .     (helmet restricted)
rElec  .         Dismiss  .     (no cloak)
rCorr  .         Reflect  .     (no gloves)
SustAt .         Harm     .     (no boots)
MR     .....                    (no amulet)
Stlth  +.........               (no ring)
                                (no ring)

@: lethally poisoned (-1 -> -11), not resistant to hostile enchantments, very
unstealthy
A: retaliatory headbutt, horns 2
a: no special abilities


You were on level 2 of the Dungeon.
You were not hungry.

You visited 1 branch of the dungeon, and saw 2 of its levels.

You collected 30 gold pieces.

Inventory:

Hand Weapons
 a - a +0 hand crossbow (weapon)
 e - a +0 club
Missiles
 d - 22 bolts (quivered)
Armour
 g - a +0 leather armour (worn)
Scrolls
 b - 2 scrolls of identify {unknown}
 h - a scroll of magic mapping {unknown}
 i - a scroll of teleportation {unknown}
Books
 c - a book of Debilitation

   Spells                             Type                      Level
   a - Corona                         Hexes                        1
   b - Slow                           Hexes                        2
   c - Gell's Gravitas                Hexes/Translocation          3
   d - Inner Flame                    Hexes/Fire                   3
   e - Cause Fear                     Hexes                        4
   f - Leda's Liquefaction            Hexes/Earth                  4
Comestibles
 f - a bread ration
 j - a chunk of flesh


   Skills:
 + Level 1.6 Fighting
 - Level 2.1 Crossbows
 + Level 1.3 Armour
 - Level 2.1 Dodging
 * Level 2.4 Unarmed Combat
 - Level 1.0 Spellcasting
 - Level 2.0 Hexes


You had 3 spell levels left.
You knew the following spells:

 Your Spells              Type           Power        Failure   Level  Hunger
a - Corona                Hex            #......      21%         1    ##.....


Dungeon Overview and Level Annotations

Branches:
Dungeon (2/15)

Altars:


Innate Abilities, Weirdness & Mutations

You reflexively headbutt those who attack you in melee.
You have a pair of horns on your head.


Message History

The adder bites you.
You are poisoned.
The adder poisons you! The adder bites you.
Firing (i - inventory):
d - 24 bolts (quivered)
Press: ? - help, Shift-Dir - straight line, f/p - adder
Aim: an adder (lightly wounded)
You shoot a bolt. The bolt barely misses the adder.
You feel sick. The adder closely misses you. The adder bites you.
* * * LOW HITPOINT WARNING * * *
You are lethally poisoned!
The adder poisons you!
Firing (i - inventory):
d - 23 bolts (quivered)
Press: ? - help, Shift-Dir - straight line, f/p - adder
Aim: an adder (lightly wounded)
You shoot a bolt. The bolt closely misses the adder.
* * * LOW HITPOINT WARNING * * *
You feel sick. The adder bites you.
* * * LOW HITPOINT WARNING * * *
The adder bites you.
You die...

##....
#..#..≈≈≈+#+###
...#..≈...#...#
......≈.......
#..?≈≈≈≈...###
.#...g≈....$..# .#.
......≈.......#....
#...............#
#(...S@...<(##.##
#..###...#### #...#
..>..# ###.#.#
....# ......
########


You could see an adder and a hobgoblin.

Vanquished Creatures
  A dart slug (D:1)
  A giant gecko (D:1)
  2 bats (D:1)
  A giant cockroach (D:1)
  6 goblins (D:1)
  4 hobgoblins (D:1)
  4 jackals (D:1)
  3 kobolds (D:1)
  4 rats (D:1)
26 creatures vanquished.

Notes
Turn   | Place    | Note
--------------------------------------------------------------
     0 | D:1      | inmateoo the Minotaur Arcane Marksman began the quest for the Orb.
     0 | D:1      | Reached XP level 1. HP: 16/16 MP: 1/1
    64 | D:1      | Reached skill level 1 in Unarmed Combat
   402 | D:1      | Reached XP level 2. HP: 22/23 MP: 2/2
   791 | D:1      | Reached skill level 1 in Armour
  1378 | D:1      | Reached XP level 3. HP: 27/28 MP: 3/3
  1751 | D:2      | Slain by an adder

Vault maps used:
D:1:      dpeg_arrival_court, roderic_chinese_pattern_swastika
D:2:      hangedman_ru_absence, lemuel_crystal_altar

Skill      XL: |  1  2 |
---------------+-------+-----
Unarmed Combat | 1 2 |  2.4
Armour         | 1 |  1.3
Fighting       | |  1.6
Crossbows      | |  2.1
Dodging        | |  2.1
Spellcasting   | |  1.0
Hexes          | |  2.0

Action                   || total
-------------------------++-------
Melee: Club              ||    79
 Fire: Hand crossbow     ||    16
  Eat: Chunk             ||     3
